AoeStats
← Chris

African Clearing

505990082Analyzed
4v4 RM · 21d ago on Sep 11, 2026· 41m 22s· 8 players
Game mode
Random Map
Map size
Large (8 player)
Population
200
Speed
Normal
Resources
Standard
Victory
Conquest
Starting age
Dark Age
Ending age
Imperial Age
RankedLock teamsTeams togetherTeam positionsShared explorationLock speedFull tech treeHidden civsTurbo modeCheats
Victory
Defeat
🇧🇷 Huns · Brazil
1380
+12
🇨🇱 Magyars · Chile
1268
+17
🇨🇱 Spanish · Chile
1240
+18
🇧🇷 Armenians · Brazil
1144
+21
🇺🇸 Mongols · United States
1337
-19
🇹🇼 Berbers · Taiwan
1281
-17
🇲🇽 Spanish · Mexico
1265
-16
🇲🇽 Britons · Mexico
1247
-16
MiKe
13:30 Feudal Age
13:12 Loom
14:18 Double-Bit Axe
17:31 Castle Age
16:20 Horse Collar
18:29 Bow Saw
18:44 Heavy Plow
21:29 Fletching
25:21 Wheelbarrow
26:06 Bodkin Arrow
27:30 Scale Barding Armor
29:35 Chain Barding Armor
30:51 Bloodlines
34:04 Husbandry
34:16 Forging
35:27 Hand Cart
35:06 Gold Mining
36:48 Iron Casting
40:09 Gold Shaft Mining
43:01 Imperial Age
41:14 Marauders
41:44 Stone Mining
MasTerBorN
14:23 Feudal Age
19:40 Castle Age
18:41 Stone Mining
19:41 Loom
32:23 Fletching
37:26 Double-Bit Axe
BastMaaat
14:05 Feudal Age
16:11 Loom
18:57 Double-Bit Axe
18:55 Horse Collar
19:10 Stone Mining
21:53 Castle Age
23:24 Scale Barding Armor
38:44 Wheelbarrow
40:33 Bloodlines
Martineitor
8:34 Loom
15:43 Feudal Age
19:05 Castle Age
16:54 Double-Bit Axe
16:50 Horse Collar
17:59 Gold Mining
18:20 Town Watch
20:18 Bow Saw
20:27 Heavy Plow
20:29 Padded Archer Armor
24:26 Husbandry
27:45 Bloodlines
29:14 Wheelbarrow
29:34 Leather Archer Armor
30:52 Sanctity
31:53 Inquisition
32:49 Scale Barding Armor
32:59 Fervor
34:15 Redemption
36:24 Atonement
37:15 Hand Cart
41:21 Fletching
Eduardo
5:12 Loom
14:27 Feudal Age
17:23 Fletching
17:33 Padded Archer Armor
17:22 Double-Bit Axe
20:23 Castle Age
20:30 Crossbowman
21:07 Bodkin Arrow
21:27 Leather Archer Armor
34:58 Pikeman
twitch.tv/skof03
8:20 Loom
15:48 Feudal Age
19:55 Castle Age
32:33 Scale Barding Armor
35:29 Chain Barding Armor
38:47 Fletching
Chris
12:15 Feudal Age
10:36 Loom
12:19 Man-at-Arms
12:45 Arson
13:14 Double-Bit Axe
14:45 Horse Collar
22:51 Castle Age
23:49 Bow Saw
23:34 Stone Mining
23:49 Heavy Plow
25:22 Town Watch
26:13 Wheelbarrow
28:41 Wheelbarrow
33:31 Fletching
34:08 Bodkin Arrow
34:14 Padded Archer Armor
40:01 Imperial Age
qwerasdfzxcv110
13:00 Feudal Age
13:28 Loom
14:32 Double-Bit Axe
17:31 Castle Age
18:41 Bow Saw
23:45 Wheelbarrow
24:29 Husbandry
24:39 Bloodlines
27:36 Gold Mining
27:36 Stone Mining
29:15 Forging
30:14 Horse Collar
30:56 Bloodlines
36:20 Gold Shaft Mining
40:51 Fletching
41:01 Padded Archer Armor
41:06 Scale Barding Armor
41:36 Iron Casting
Connection lost

Rejoining the realm…

Still unreachable

The connection could not be restored.

Session expired

The server has moved on; the page needs a fresh start.